[Event "Titled Tuesday Blitz June 21 Early 2022"]
[White "Thiel, Thomas"]
[Black "Curtis, John"]
[WhiteFideId "4615964"]
[BlackFideId "3200256"]
[WhiteElo "2238"]
[BlackElo "2203"]
[Result "1/2-1/2"]
[Round "11"]
[TimeControl "180+1"]
[Date "2022.06.22"]
[WhiteClock "0:01:12"]
[BlackClock "0:01:08"]

1. e4 c5 2. Nc3 g6 3. d4 Bg7 4. d5 d6 5. Be2 a6 6. a4 Nf6 7. Nf3 O-O 8. O-O e6 9. Nd2 exd5 10. exd5 Re8 11. Nc4 Ne4 12. Nxe4 Rxe4 13. Bd3 Re8 14. Bf4 Bf8 15. Qf3 Nd7 16. Qg3 Nf6 17. Bg5 h6 18. Bxf6 Qxf6 19. Rfe1 Bd7 20. Nb6 Rxe1+ 21. Rxe1 Re8 22. Rf1 Qd8 23. Nxd7 Qxd7 24. b3 Bg7 25. h4 h5 26. Qf3 Qg4 27. Qxg4 hxg4 28. g3 Bd4 29. Kg2 Kg7 30. Rh1 Kh6 31. f3 gxf3+ 32. Kxf3 Re3+ 33. Kg2 Be5 34. Rh3 f5 35. g4 Rxh3 36. Kxh3 fxg4+ 37. Kxg4 Bf6 38. Be4 Be5 1/2-1/2


[Site "https://www.chess.com"]

[Event "Titled Tuesday Blitz June 21 Early 2022"]
[White "Tica, Sven"]
[Black "Pham, Tran Gia Phuc"]
[WhiteFideId "14526948"]
[BlackFideId "12415669"]
[WhiteElo "2346"]
[BlackElo "1789"]
[Result "1-0"]
[Round "11"]
[TimeControl "180+1"]
[Date "2022.06.22"]
[WhiteClock "0:01:39"]
[BlackClock "0:00:50"]

1. d4 Nf6 2. Bg5 c5 3. Bxf6 gxf6 4. d5 Qb6 5. Qc1 d6 6. Nc3 f5 7. e3 Bg7 8. Nge2 Nd7 9. g3 Nf6 10. Bg2 Bd7 11. Rb1 Qa5 12. a3 b5 13. b4 cxb4 14. axb4 Qb6 15. Nd4 Rc8 16. Qa3 a6 17. O-O Rc4 18. Rb3 O-O 19. Ra1 Rfc8 20. h3 Ne4 21. Nxe4 fxe4 22. c3 f5 23. Bf1 R4c7 24. Qxa6 Qxa6 25. Rxa6 Rxc3 26. Rxc3 Rxc3 27. Bxb5 Bxb5 28. Nxb5 Rb3 29. Na7 Kf7 30. Nc6 Rb1+ 31. Kg2 Rb2 32. Ra7 Bf6 33. g4 fxg4 34. hxg4 Rd2 35. b5 Rxd5 36. b6 1-0


[Site "https://www.chess.com"]

[Event "Titled Tuesday Blitz June 21 Early 2022"]
[White "Tregubov, Pavel V."]
[Black "Tisaj, Domen"]
[WhiteFideId "4115341"]
[BlackFideId "14628708"]
[WhiteElo "2341"]
[BlackElo "2326"]
[Result "1-0"]
[Round "11"]
[TimeControl "180+1"]
[Date "2022.06.21"]
[WhiteClock "0:00:49"]
[BlackClock "0:01:44"]

1. e4 c5 2. Nf3 d6 3. Bb5+ Bd7 4. Bxd7+ Nxd7 5. O-O Ngf6 6. Re1 e6 7. c3 Be7 8. d4 O-O 9. e5 Nd5 10. c4 N5b6 11. b3 cxd4 12. exd6 Bf6 13. Nbd2 Nc5 14. Ba3 Rc8 15. Bxc5 Rxc5 16. Ne4 Rc6 17. c5 Nd5 18. Rc1 Nc3 19. Nxf6+ Qxf6 20. Qxd4 Nxa2 21. Rc4 a5 22. Ne5 Rcc8 23. Qd2 Qd8 1-0


[Site "https://www.chess.com"]

[Event "Titled Tuesday Blitz June 21 Early 2022"]
[White "Vagman, Roy"]
[Black "Khan, Taffin"]
[WhiteFideId "2828995"]
[BlackFideId "19700024"]
[WhiteElo "1925"]
[BlackElo "1994"]
[Result "1-0"]
[Round "11"]
[TimeControl "180+1"]
[Date "2022.06.22"]
[WhiteClock "0:01:22"]
[BlackClock "0:01:38"]

1. d4 Nf6 2. c4 g6 3. Nc3 d5 4. cxd5 Nxd5 5. e4 Nxc3 6. bxc3 Bg7 7. Nf3 O-O 8. Bc4 c5 9. O-O Nc6 10. Be3 Bg4 11. Bd5 cxd4 12. cxd4 e6 13. Bxc6 bxc6 14. Rc1 Qa5 15. Qc2 Rac8 16. Ne5 Bxe5 17. dxe5 Qxe5 18. f3 Bh5 19. g4 f5 20. gxh5 fxe4 21. Qxe4 Qxh5 22. Qxe6+ 1-0


[Site "https://www.chess.com"]

[Event "Titled Tuesday Blitz June 21 Early 2022"]
[White "Vakhlamov, Igor L."]
[Black "Terry, Renato"]
[WhiteFideId "24126748"]
[BlackFideId "3803457"]
[WhiteElo "2401"]
[BlackElo "2577"]
[Result "1-0"]
[Round "11"]
[TimeControl "180+1"]
[Date "2022.06.21"]
[WhiteClock "0:00:07"]
[BlackClock "0:00:03"]

1. e4 g6 2. d4 Bg7 3. Nf3 d6 4. Bc4 Nf6 5. Qe2 O-O 6. h3 c6 7. Bb3 b5 8. O-O a5 9. a3 Ba6 10. Re1 Nfd7 11. Nbd2 c5 12. c3 cxd4 13. cxd4 Nc6 14. Qe3 Qb6 15. Bd5 Rac8 16. Bxc6 Rxc6 17. Nf1 Rfc8 18. Ng3 Rc2 19. Qg5 Bxd4 20. Nxd4 Qxd4 21. Be3 Qe5 22. Nf5 f6 23. Qg4 Nf8 24. Nh6+ Kg7 25. Nf5+ Kh8 26. Bh6 Qe6 27. Bg7+ Kg8 28. Bh6 Kf7 29. Qg3 Qd7 30. Rad1 b4 31. axb4 axb4 32. Nxd6+ exd6 33. Rxd6 Qc7 34. Rxa6 Qxg3 35. fxg3 Ne6 36. Rf1 R8c6 37. Ra7+ Rc7 38. Ra6 Rxb2 39. Rb6 Rcc2 40. Rb7+ Rc7 41. Rb6 b3 42. Bf4 Rc5 43. Be3 Rc4 44. Bc1 Rb1 45. Ba3 Rxf1+ 46. Kxf1 Nd4 47. Bb2 Ne6 48. Rxb3 Rxe4 49. Rb7+ Ke8 50. Bxf6 Nc5 51. Rxh7 Nd3 52. Bc3 Rc4 53. Bd2 Rc2 54. Ke2 Ne5 55. Kd1 Ra2 56. Rh4 Kf7 57. Re4 Nd3 58. Re3 Nb2+ 59. Ke2 Nc4 60. Rd3 Ke6 61. h4 Nd6 62. g4 Ne4 63. Rd4 Ke5 64. Rd3 Nc5 65. Rd8 Ne4 66. Ke3 Ra3+ 67. Ke2 Ra2 68. Kd1 Nf2+ 69. Ke1 Nxg4 70. Rg8 Kf5 71. Rf8+ Ke4 72. Rf4+ Kd3 73. Rxg4 Rxd2 74. Rxg6 Ra2 75. h5 Ke4 76. h6 Ra7 77. Rg7 Ra6 78. h7 Rh6 79. g4 Ke3 80. Kd1 Kf4 81. g5 Rh1+ 82. Ke2 Rh2+ 83. Kd3 Rh3+ 84. Kd4 Kf5 85. g6 Kf6 86. Rg8 Rh4+ 87. Kd5 Rh5+ 88. Kd6 Rh1 89. h8=Q+ 1-0


[Site "https://www.chess.com"]

[Event "Titled Tuesday Blitz June 21 Early 2022"]
[White "Veiga, Jose Francisco R P Neves"]
[Black "Goltseva, Ekaterina"]
[WhiteFideId "1930087"]
[BlackFideId "24173770"]
[WhiteElo "2326"]
[BlackElo "2086"]
[Result "0-1"]
[Round "11"]
[TimeControl "180+1"]
[Date "2022.06.22"]
[WhiteClock "0:00:06"]
[BlackClock "0:00:05"]

1. e4 e6 2. d4 d5 3. exd5 exd5 4. Nf3 Bd6 5. c4 dxc4 6. Bxc4 Nf6 7. O-O O-O 8. h3 h6 9. Nc3 Nc6 10. Re1 Bf5 11. a3 Qd7 12. Be3 Rad8 13. Rc1 a6 14. Qa4 Bxh3 15. d5 Qg4 16. Bf1 Ne7 17. Qxg4 Bxg4 18. Bc4 Bxf3 19. gxf3 Nf5 20. Ne4 Be5 21. Bc5 Rfe8 22. b4 Nh4 23. Nxf6+ Bxf6 24. Rxe8+ Rxe8 25. d6 cxd6 26. Bxd6 Nxf3+ 27. Kg2 Nd2 28. Ba2 Ne4 29. Bf4 Nc3 30. Bb3 g5 31. Be3 Re7 32. a4 Kg7 33. Bc5 Rc7 34. a5 Rd7 35. Re1 Rd2 36. Re8 Rb2 37. Bc4 Rc2 38. Bb3 Re2 39. Rb8 Ne4 40. Rxb7 Nxc5 41. bxc5 Re7 42. Rxe7 Bxe7 43. c6 Bd6 44. Bc4 Bc7 45. Bxa6 Bxa5 46. Bc4 Bc7 47. Kf3 Kg6 48. Bd3+ f5 49. Bc4 Kf6 50. Kg2 h5 51. Be2 h4 52. Bd3 Ke5 53. Bc2 Kf4 54. Bd3 Bb6 55. Bc2 Kg4 56. Bd3 h3+ 57. Kg1 f4 58. Be4 Kh4 59. Kh2 g4 60. f3 g3+ 61. Kh1 g2+ 62. Kh2 g1=Q# 0-1


[Site "https://www.chess.com"]

[Event "Titled Tuesday Blitz June 21 Early 2022"]
[White "Volkov, Maksim"]
[Black "Yuan, Qingyu"]
[WhiteFideId "54123070"]
[BlackFideId "8609772"]
[WhiteElo "2155"]
[BlackElo "2359"]
[Result "1-0"]
[Round "11"]
[TimeControl "180+1"]
[Date "2022.06.21"]
[WhiteClock "0:00:07"]
[BlackClock "0:00:11"]

1. d4 d5 2. c4 e6 3. Nf3 Nf6 4. g3 dxc4 5. Bg2 c5 6. O-O Nc6 7. dxc5 Qxd1 8. Rxd1 Bxc5 9. Nbd2 c3 10. bxc3 O-O 11. Nb3 Be7 12. Nfd4 Nxd4 13. Nxd4 e5 14. Nb5 Bd7 15. Nd6 Ba4 16. Rd3 Rad8 17. Nxb7 Rxd3 18. exd3 Bc2 19. d4 e4 20. c4 Rc8 21. c5 Nd5 22. Be3 Rc6 23. Bf1 Kf8 24. Na5 Rc8 25. Bc4 Nb4 26. Rc1 Ba4 27. Rc3 f5 28. Bb3 Bb5 29. Be6 Rd8 30. Rb3 f4 31. gxf4 Be2 32. Rxb4 Bxc5 33. dxc5 Rd1+ 34. Kg2 Bf3+ 35. Kh3 Rg1 36. Nc6 g5 37. fxg5 Kg7 38. Ne5 Bg2+ 39. Kg3 Kf8 40. Kf4 Ke7 41. Bf5 Bf3 42. Rb7+ Kd8 43. Bxe4 Bxe4 44. Kxe4 Rb1 45. Rxb1 1-0


[Site "https://www.chess.com"]

[Event "Titled Tuesday Blitz June 21 Early 2022"]
[White "Von Buelow, Georg"]
[Black "Zanette, Edgard Vinicius"]
[WhiteFideId "4620658"]
[BlackFideId "2109263"]
[WhiteElo "2048"]
[BlackElo "2182"]
[Result "1-0"]
[Round "11"]
[TimeControl "180+1"]
[Date "2022.06.22"]
[WhiteClock "0:00:32"]
[BlackClock "0:00:31"]

1. e4 c5 2. Nf3 d6 3. d4 cxd4 4. Nxd4 Nf6 5. Nc3 a6 6. f4 e5 7. Nf3 Qc7 8. a4 Be7 9. Bd3 O-O 10. O-O b6 11. Kh1 Bb7 12. Qe1 Nbd7 13. Nh4 Nc5 14. Nf5 Ne6 15. fxe5 dxe5 16. Qg3 Nh5 17. Nxe7+ Qxe7 18. Qxe5 g6 19. Nd5 Qd8 20. Bh6 Bxd5 21. Bxf8 Bxe4 22. Bxe4 Qxf8 23. Bxa8 Qxa8 24. Rad1 Qb7 25. Rd6 Nhg7 26. Rfd1 h5 27. Qf6 Qe4 28. Rd7 Qxc2 29. Qxf7+ Kh7 30. Qxe6 Qxd1+ 31. Rxd1 Nxe6 32. Rd6 Nc5 33. Rxb6 Nxa4 34. Rb7+ Kh6 35. b3 Nc5 36. Rb6 Kg5 37. b4 Nd3 38. Kg1 Kf5 39. Kf1 g5 40. Ke2 Ke4 41. Re6+ Kd5 42. Rxa6 Nxb4 43. Ra5+ Ke4 44. Rxg5 Nd3 45. g3 1-0


[Site "https://www.chess.com"]

[Event "Titled Tuesday Blitz June 21 Early 2022"]
[White "Winkels, Marcel"]
[Black "Nunez V, Gustavo Eduardo"]
[WhiteFideId "1003887"]
[BlackFideId "4403690"]
[WhiteElo "1900"]
[BlackElo "2228"]
[Result "1-0"]
[Round "11"]
[TimeControl "180+1"]
[Date "2022.06.22"]
[WhiteClock "0:00:21"]
[BlackClock "0:00:01"]

1. e4 c5 2. Nf3 Nc6 3. Nc3 g6 4. d4 cxd4 5. Nxd4 Bg7 6. Be3 Nf6 7. Bc4 O-O 8. O-O d6 9. h3 Bd7 10. f4 Rc8 11. Bb3 Na5 12. Qd3 Nxb3 13. axb3 a6 14. Rad1 Qc7 15. Rd2 e5 16. Nf3 Bc6 17. Nd5 Bxd5 18. exd5 e4 19. Qe2 exf3 20. Qxf3 Rfe8 21. g4 Ne4 22. Rg2 Bxb2 23. c4 Bg7 24. f5 f6 25. h4 b5 26. Rc2 bxc4 27. bxc4 Qa5 28. g5 fxg5 29. hxg5 gxf5 30. Qxf5 Rc7 31. Rh2 Bf8 32. Bd4 Qa3 33. g6 Qg3+ 34. Kh1 Qxg6 35. Rg2 Ng3+ 36. Rxg3 Qxg3 37. Rg1 Qxg1+ 38. Kxg1 Bg7 39. Bf2 Rxc4 40. Qd7 Rce4 41. Qxd6 a5 42. Qc6 a4 43. d6 a3 44. d7 Rf8 45. Qxe4 a2 46. Qd5+ Kh8 47. Qxa2 Rd8 48. Qd5 h6 49. Bh4 Rxd7 50. Qxd7 Kg8 51. Kg2 Kf8 52. Kf3 Kg8 53. Kg4 Ba1 54. Kf5 Kf8 55. Kg6 Bb2 56. Qe7+ Kg8 57. Qg7+ 1-0


[Site "https://www.chess.com"]

[Event "Titled Tuesday Blitz June 21 Early 2022"]
[White "Yang, Kaiqi"]
[Black "Lashkin, Jegor"]
[WhiteFideId "8604398"]
[BlackFideId "13907808"]
[WhiteElo "2373"]
[BlackElo "2368"]
[Result "0-1"]
[Round "11"]
[TimeControl "180+1"]
[Date "2022.06.21"]
[WhiteClock "0:00:15"]
[BlackClock "0:00:23"]

1. d4 Nf6 2. c4 e6 3. Nc3 Bb4 4. e3 O-O 5. Nf3 d5 6. Bd2 b6 7. cxd5 exd5 8. Rc1 Bb7 9. Bd3 Be7 10. Ne5 c5 11. O-O Nc6 12. Ng4 cxd4 13. exd4 Nxd4 14. Re1 Ne6 15. Bf5 d4 16. Nb5 Qd5 17. Nxf6+ Bxf6 18. Be4 Qxb5 19. Bxb7 Rad8 20. a4 Qxb2 21. Rb1 Qa2 22. Bb4 Nc5 23. Re2 Qc4 24. Rc2 Qe6 25. Bxc5 bxc5 26. Rxc5 d3 27. Bf3 d2 28. g3 Rfe8 29. Kg2 g6 30. Rc6 Rd6 31. Rxd6 Qxd6 32. Qc2 Re1 33. Rd1 Rxd1 34. Qxd1 Kg7 35. Qb3 a5 36. h4 h5 37. Bd1 Qc5 38. Qc2 Qb4 39. Qb3 Qd4 40. Qe3 Qd8 41. Qe4 Qd6 42. Kf1 Bd8 43. Ke2 Bb6 44. Bb3 Qc5 45. Qe3 Qxe3+ 46. fxe3 Bc7 47. Kxd2 Bxg3 48. Bd5 Bxh4 49. Kd3 Be1 50. Ke4 f5+ 51. Kf3 Kf6 52. e4 Bb4 53. exf5 Kxf5 54. Bf7 Kf6 55. Be8 Kg5 56. Kg3 Bc5 57. Kh3 Bd6 58. Bf7 Kh6 59. Be8 g5 60. Bd7 g4+ 61. Kh4 Be7+ 62. Kg3 Kg5 63. Be6 Bd6+ 64. Kg2 h4 65. Bd7 h3+ 66. Kh1 Kh4 67. Bc6 g3 68. Bd5 g2+ 69. Bxg2 hxg2+ 70. Kxg2 Kg4 71. Kf2 Kf4 72. Ke2 Ke4 73. Kd2 Kd4 74. Kc2 Kc4 75. Kb2 Kb4 76. Ka2 Kxa4 77. Kb1 Kb4 78. Ka1 a4 79. Ka2 a3 80. Kb1 Kb3 81. Ka1 Be5+ 82. Kb1 a2+ 83. Kc1 a1=Q+ 84. Kd2 Qd4+ 85. Ke2 Qc3 0-1


[Site "https://www.chess.com"]

[Event "Titled Tuesday Blitz June 21 Early 2022"]
[White "Yedidia, Daniel"]
[Black "Mahdavi, Reza"]
[WhiteFideId "30905907"]
[BlackFideId "12595926"]
[WhiteElo "2614"]
[BlackElo "2265"]
[Result "1/2-1/2"]
[Round "11"]
[TimeControl "180+1"]
[Date "2022.06.21"]
[WhiteClock "0:00:22"]
[BlackClock "0:01:18"]

1. d4 Nf6 2. c4 g6 3. Nc3 Bg7 4. e4 d6 5. Nf3 O-O 6. Be2 Bg4 7. Be3 Bxf3 8. Bxf3 e5 9. d5 a5 10. a3 Nbd7 11. Rb1 Kh8 12. Be2 Ng8 13. O-O Bh6 14. Qd2 Kg7 15. b4 axb4 16. axb4 Bxe3 17. Qxe3 f5 18. exf5 gxf5 19. f4 e4 20. c5 Qf6 21. Nb5 Rfc8 22. Rfc1 Ne7 23. Bc4 b6 24. cxd6 cxd6 25. Bb3 Rxc1+ 26. Rxc1 Ra1 27. Rxa1 Qxa1+ 28. Kf2 Qb2+ 29. Kg1 Nf6 30. h3 Nexd5 31. Qg3+ Kf8 32. Nxd6 Qc1+ 33. Kh2 Qxf4 34. Qxf4 Nxf4 35. Nxf5 N4d5 36. b5 Nc3 37. Bc4 Ne8 38. Kg3 Nc7 39. Kf4 N3xb5 40. Kxe4 Na7 41. g4 b5 42. Bd5 b4 43. Nd4 Nab5 44. Nxb5 Nxb5 45. Kd3 Ke7 46. Kc4 Nc7 47. Be4 h6 48. Kxb4 Kf6 49. h4 Ke5 50. g5 hxg5 51. hxg5 Kxe4 52. g6 Ne6 53. g7 Nxg7 1/2-1/2


[Site "https://www.chess.com"]

[Event "Titled Tuesday Blitz June 21 Early 2022"]
[White "Zaloznyy, Mike"]
[Black "D`Arruda, Ricardo D."]
[WhiteFideId "2023075"]
[BlackFideId "100692"]
[WhiteElo "2003"]
[BlackElo "2495"]
[Result "0-1"]
[Round "11"]
[TimeControl "180+1"]
[Date "2022.06.22"]
[WhiteClock "0:00:01"]
[BlackClock "0:00:14"]

1. Nf3 Nf6 2. e3 d5 3. b3 c6 4. c4 g6 5. Bb2 Bg7 6. Be2 O-O 7. O-O Nbd7 8. d3 Re8 9. cxd5 cxd5 10. Nbd2 e5 11. e4 b6 12. exd5 Nxd5 13. Nc4 Qe7 14. Ba3 Nc5 15. d4 exd4 16. Nxd4 Nc3 17. Qd2 Bxd4 18. Bf3 Ne2+ 19. Bxe2 Bxa1 20. Bf3 Bg7 21. Bxa8 Be6 22. Bf3 Rd8 23. Qe2 Qc7 24. h3 h6 25. Re1 Bf6 26. Rd1 Rxd1+ 27. Qxd1 Qf4 28. Qd6 Qxd6 29. Nxd6 Nd3 30. Ne4 Bd4 31. Be2 Nf4 32. Bc4 Bxc4 33. bxc4 Nd3 34. Kf1 f5 35. Nd6 Nxf2 36. Nc8 a5 37. Ke2 Ne4 38. Ne7+ Kf7 39. Nc6 Bc5 40. Bxc5 Nxc5 41. Ke3 Ke6 42. Kd4 Ne4 43. Na7 Nd6 44. Nc8 Nxc8 0-1


[Site "https://www.chess.com"]

[Event "Titled Tuesday Blitz June 21 Early 2022"]
[White "Ziatdinov, Raset"]
[Black "Kopczynski, Michal"]
[WhiteFideId "2015323"]
[BlackFideId "1124200"]
[WhiteElo "2220"]
[BlackElo "2235"]
[Result "1-0"]
[Round "11"]
[TimeControl "180+1"]
[Date "2022.06.22"]
[WhiteClock "0:02:04"]
[BlackClock "0:00:48"]

1. d4 Nf6 2. Nc3 g6 3. Bf4 d6 4. Qd2 Bg7 5. O-O-O O-O 6. h4 b5 7. Bh6 b4 8. Nb1 c5 9. h5 cxd4 10. hxg6 fxg6 11. Bxg7 Kxg7 12. Qh6+ Kg8 13. Nf3 e5 14. e3 Qc7 15. exd4 Bf5 16. Rd2 Nc6 17. Bc4+ d5 18. Bb3 exd4 19. Nxd4 Nxd4 20. Rxd4 Qc5 21. Rxd5 Qxd5 22. Bxd5+ Kh8 23. Bxa8 Rxa8 24. Nd2 Rc8 25. Qg5 Rxc2+ 26. Kd1 Kg7 27. g4 Bd3 28. Qe3 Nxg4 29. Qe7+ Kg8 30. Qxh7+ Kf8 31. Qh8+ Ke7 32. Rh7+ Ke6 33. Qe8+ Kf5 34. Rf7+ Kg5 35. Qe7+ Kh5 36. Rh7+ Nh6 37. Rxh6+ Kxh6 38. Qe3+ 1-0


[Site "https://www.chess.com"]

[Event "Titled Tuesday Blitz June 21 Early 2022"]
[White "Zierk, Steven"]
[Black "Corrales Jimenez, Fidel"]
[WhiteFideId "2034255"]
[BlackFideId "3506690"]
[WhiteElo "2494"]
[BlackElo "2541"]
[Result "1-0"]
[Round "11"]
[TimeControl "180+1"]
[Date "2022.06.21"]
[WhiteClock "0:00:19"]
[BlackClock "0:00:02"]

1. e4 c5 2. Nf3 d6 3. d4 cxd4 4. Nxd4 Nf6 5. f3 e5 6. Nb3 Be6 7. Nc3 d5 8. exd5 Nxd5 9. Nxd5 Qxd5 10. Qxd5 Bxd5 11. Be3 Nc6 12. O-O-O O-O-O 13. Bb5 a6 14. Be2 Kc7 15. Nc5 Bxc5 16. Bxc5 f6 17. b3 b6 18. Be3 a5 19. Rd2 Be6 20. Rhd1 Rxd2 21. Rxd2 Rd8 22. Bd3 h6 23. c3 Ne7 24. c4 Nc6 25. Kb2 f5 26. f4 e4 27. Bf1 Rxd2+ 28. Bxd2 Nb4 29. a3 Nd3+ 30. Kc3 Kc6 31. Kd4 a4 32. bxa4 Nc5 33. Bb4 Nxa4 34. Bf8 g5 35. Bxh6 g4 36. h4 gxh3 37. gxh3 Nc5 38. Bf8 Nb3+ 39. Ke5 Bg8 40. Bb4 e3 41. h4 Nc1 42. Kd4 e2 43. Bg2+ Kd7 44. Bd5 Bxd5 45. cxd5 Nb3+ 46. Ke3 Nc5 47. Kxe2 Ne4 48. Ke3 Nf6 49. Kd4 Ng4 50. h5 Ke8 51. Bd6 Kd7 52. Be5 Ke7 53. Bc7 b5 54. Kc5 Kd7 55. Be5 Nf2 56. Kxb5 Ne4 57. Kc4 Ke7 58. h6 1-0